Map: Emerald City LE

Players

Garlic

  • Race: Zerg Zerg
  • League: Diamond
  • Spawn Location: 5:00

Mass

  • Race: Protoss Protoss
  • League: Diamond
  • Spawn Location: 5:00

Massa - Winner!

  • Race: Terran Terran
  • League: Platinum
  • Spawn Location: 11:00

qqq - Winner!

  • Race: Zerg Zerg
  • League: Platinum
  • Spawn Location: 11:00

VOD

Have the link to the VOD?

Description

Time

  • Played on: Dec. 7, 2020, 2:54 p.m.
  • Length: 5:38
Show
View Real Time Build Order
Export as new Build Order

Garlic Zerg 

Build Orders: Hatch First 

Get SALT Encoding   

  12  0:00  Drone  
  13  0:13  Overlord  
  13  0:18  Drone  
  14  0:31  Drone x2  
  14  0:35  Drone  
  17  0:46  Drone  
  18  1:08  Hatchery  
  17  1:22  Drone, Spawning Pool  
  17  1:23  Extractor  
  16  1:42  Drone x2  
  16  1:43  Drone  
  19  1:48  Extractor  
  18  2:07  Drone  
  18  2:11  Queen  
  18  2:12  Zergling x2  
  21  2:22  Zergling x2  
  22  2:23  Queen  
  22  2:27  Zergling x4  
  26  2:34  Metabolic Boost  
  26  2:44  Zergling x4  
  28  3:08  Zergling x4  
  28  3:12  Spine Crawler  
  24  3:14  Zergling x2  
  25  3:22  Spine Crawler  
  24  3:29  Baneling Nest  
  24  3:30  Drone x2  
  24  3:31  Zergling x6  
  24  3:32  Zergling x2  
  24  3:47  Zergling x6  
  23  4:12  Overlord  
  23  4:13  Overlord  
  20  4:19  Overlord x2  
  19  4:39  Zergling x2  
  19  4:40  Zergling x4  
  22  5:00  Baneling x4  
Show
View Real Time Build Order
Export as new Build Order

Mass Protoss 

Build Orders: Cannon Rush, Double Forge 

Get SALT Encoding   

  12  0:02  Probe (Chrono Boost)  
  13  0:16  Pylon  
  13  0:17  Probe  
  14  0:37  Forge  
  14  0:40  Probe  
  15  0:53  Probe  
  16  1:00  Assimilator  
  16  1:05  Probe  
  16  1:06  Pylon  
  17  1:24  Photon Cannon  
  17  1:28  Photon Cannon  
  17  1:39  Photon Cannon  
  17  1:45  Pylon  
  17  1:52  Pylon  
  17  2:15  Pylon  
  17  2:17  Probe (Chrono Boost)  
  18  2:24  Pylon  
  18  2:26  Probe (Chrono Boost)  
  19  2:31  Probe (Chrono Boost)  
  19  2:37  Photon Cannon  
  19  2:43  Probe  
  20  2:51  Photon Cannon  
  20  2:55  Probe  
  21  3:09  Photon Cannon  
  21  3:11  Photon Cannon  
  21  3:23  Pylon  
  21  3:30  Pylon  
  21  3:49  Forge  
  21  3:54  Gateway  
  21  3:56  Pylon  
Show
View Real Time Build Order
Export as new Build Order

Massa Terran - Winner!

Build Orders:  

Get SALT Encoding   

  12  0:00  SCV  
  13  0:12  SCV  
  14  0:23  Supply Depot  
  14  0:24  SCV  
  15  0:33  Refinery  
  15  1:04  Barracks  
  14  1:36  SCV  
  15  1:40  Barracks  
  15  1:48  SCV  
  16  2:00  SCV  
  17  2:04  Barracks Tech Lab  
  16  2:19  Orbital Command  
  16  2:25  Marauder  
  16  2:27  Barracks Tech Lab  
  18  2:39  Concussive Shells  
  18  2:47  Marauder  
  20  2:59  Marauder  
  19  3:40  SCV  
  20  3:47  Factory  
  20  3:51  Barracks  
  20  4:30  Marine x2  
  22  4:32  Orbital Command  
  22  4:41  Factory Tech Lab  
  22  4:45  Supply Depot  
  22  4:46  Marine  
  22  4:47  Supply Depot  
Show
View Real Time Build Order
Export as new Build Order

qqq Zerg - Winner!

Build Orders: Pool First 

Get SALT Encoding   

  12  0:01  Drone  
  13  0:09  Drone  
  14  0:28  Spawning Pool  
  13  0:30  Drone  
  14  0:40  Overlord  
  14  1:10  Hatchery  
  13  1:15  Zergling x4  
  13  1:17  Zergling x2  
  16  1:30  Extractor, Zergling x2  
  16  1:58  Zergling x4  
  18  2:30  Queen  
  18  2:31  Zergling x2  
  18  2:35  Zergling x6  
  24  2:44  Zergling x4  
  25  2:56  Zergling x4  
  27  3:08  Zergling x4  
  28  3:25  Metabolic Boost  
  28  3:32  Overlord x4  
  26  4:08  Zergling x12  
  30  4:26  Zergling x4  
  32  4:41  Drone x2  
  34  4:48  Queen  
  32  5:20  Spine Crawler  
  30  5:21  Spine Crawler  
Tags
 
Add a new tag
Caveats
  • Supply blocks, unpowered buildings, or Contaminate may cause inaccurate times.
  • Supply counts are checked every 10 seconds.